 Dungeon Crawl Stone Soup version 0.29.1-12-g30fa7ad0bf (webtiles) character file.

Game seed: 7486499058584904731

21 Descartes the Grasshopper (level 2, 0/14 HPs)
             Began as a Spriggan Warper on Dec 16, 2022.
             Slain by a worm (10 damage)
             ... on level 1 of the Dungeon.
             The game lasted 00:02:02 (1677 turns).

Descartes the Grasshopper (Spriggan Warper)         Turns: 1677, Time: 00:02:02

Health: 0/14       AC:  2    Str:  7    XL:     2   Next: 65%
Magic:  6/6        EV: 16    Int: 14    God:
Gold:   18         SH:  5    Dex: 14    Spells: 6/6 levels left

rFire   . . .      SeeInvis +   a - +0 short sword
rCold   . . .      Faith    .   e - +0 buckler
rNeg    . . .      Spirit   .   b - +0 robe
rPois   .          Reflect  .   (helmet restricted)
rElec   .          Harm     .   (no cloak)
rCorr   .          Rampage  .   (gloves unavailable)
Will    .....                   (boots unavailable)
Stlth   ++........              (no amulet)
HPRegen 0.04/turn               (no ring)
MPRegen 0.10/turn               (no ring)

@: very quick
A: very small, no large weapons, unfitting armour, see invisible, speed 3
a: no special abilities


You were on level 1 of the Dungeon.
You visited 1 branch of the dungeon, and saw 2 of its levels.

You collected 18 gold pieces.

Inventory:

Hand Weapons
 a - a +0 short sword (weapon)
Missiles
 d - 7 boomerangs of dispersal (quivered)
Armour
 b - a +0 robe (worn)
 e - a +0 buckler (worn)
Scrolls
 c - a scroll of blinking
 f - a scroll of enchant armour {unknown}
 g - a scroll of enchant weapon {unknown}
 h - a scroll of torment {unknown}
 i - 2 scrolls of identify {unknown}
 j - a scroll of teleportation {unknown}
 l - a scroll of magic mapping {unknown}
 m - a scroll of butterflies {unknown}
Potions
 k - a potion of magic {unknown}


   Skills:
 - Level 1.5 Fighting
 + Level 2.4 Short Blades
 - Level 1.0 Throwing
 + Level 3.5 Dodging
 + Level 1.1 Stealth
 + Level 0.5 Shields
 + Level 2.9 Spellcasting
 + Level 4.7 Translocations


You had 6 spell levels left.
You didn't know any spells.
Your spell library contained the following spells:

 Spells                   Type           Power      Damage    Failure   Level
 Blink                    Tloc           30%        N/A       11%         2
 Gell's Gravitas          Tloc           15%        N/A       21%         3
 Lesser Beckoning         Tloc           15%        N/A       21%         3
 Teleport Other           Tloc           15%        N/A       21%         3
 Manifold Assault         Tloc           15%        N/A       88%         5


Dungeon Overview and Level Annotations

Branches:
Dungeon (2/15)

Altars:

Shops:
D:1 **[


Innate Abilities, Weirdness & Mutations

You are very small and have problems with some larger weapons.
You are too small for most types of armour.
You have supernaturally acute eyesight. (SInv)
You cover ground extremely quickly. (Speed+++)


Message History

You are too injured to fight recklessly!
You are too injured to fight recklessly!
You are too injured to fight recklessly!
You are too injured to fight recklessly!
You are too injured to fight recklessly!
You are too injured to fight recklessly!
You are too injured to fight recklessly!
You are too injured to fight recklessly!
You are too injured to fight recklessly!
You are too injured to fight recklessly!
You are too injured to fight recklessly!
You are too injured to fight recklessly!
You are too injured to fight recklessly!
Unknown command.
The dart slug launches a dart at you. The slug dart misses you.
There is a stone staircase leading up here.
You climb upwards.
There is a stone staircase leading down here.
HP restored.
Done exploring.
You climb downwards.
The worm closely misses you.
There is a stone staircase leading up here.
You climb upwards.
There is a stone staircase leading down here.
You hit the worm but do no damage. The worm bites you.
You barely miss the worm. You hit the worm.
The worm is moderately wounded.
The worm barely misses you.
You hit the worm.
The worm is heavily wounded.
You block the worm's attack.
You hit the worm.
The worm is heavily wounded.
You hit the worm.
The worm is heavily wounded.
The worm bites you!
Ouch! That really hurt!
You die...

#.##########..............#### #
#.# #..##.##..........####
#.##########..##.##.............#
#.............##.##.(...........#
#.#...#.......##.##......#......#
#..#.#..####..##.##.#...#.......#
#...∩...# #..##.#.#...#######..#
#..#.#..# #.....w###...#.......#
#.#...#.# #..##@## ##...#......#
#.......# #......###.r...).....#
#..#.#### ##.####.#.####.#.....#
.....# #.# ##.##....####..#
#.#### #.#######.#.### ##..# #.#
#........###.# #.... ..#
#########.#.## #.... #÷#####
##.## #...# #.....# #.######...#


You could see a worm.

Vanquished Creatures
  2 ball pythons (D:1)
  2 bats (D:1)
  2 endoplasms (D:1)
  3 hobgoblins (D:1)
  A kobold (D:1)
  5 goblins (D:1)
  2 rats (D:1)
17 creatures vanquished.

Notes
Turn   | Place    | Note
-------+----------+-------------------------------------------
     0 | D:1      | Descartes the Spriggan Warper began the quest for the Orb.
     0 | D:1      | Reached XP level 1. HP: 10/10 MP: 5/5
    31 | D:1      | Found Kuxe's Assorted Antiques.
   163 | D:1      | Found Muppud's Antique Armour Emporium.
   676 | D:1      | Reached XP level 2. HP: 6/14 MP: 6/6
  1063 | D:1      | Reached skill level 1 in Stealth
  1171 | D:1      | Found a faded altar of an unknown god.
  1210 | D:1      | Found Qyfux's General Store.
  1677 | D:1      | Slain by a worm

Illustrated notes

Levels and vault maps discovered:
D:1:      pf_arrival_petrified_forest, layout_loops_ring,
          shapermc_ecumenical_altar_mp_highgroup, serial_shops, shop_statue,
          nicolae_shop_advertising_works [nicolae_subvault_shop_adworks],
          nicolae_shop_waterfront
D:2:      layout_basic, uniq_terence

Skill      XL: |  1  2 |
---------------+-------+-----
Stealth        | 1 |  1.1
Fighting       | |  1.5
Short Blades   | |  2.4
Throwing       | |  1.0
Dodging        | |  3.5
Shields        | |  0.5
Spellcasting   | |  2.9
Translocations | |  4.7

Action                   || total
-------------------------++-------
Melee: Short sword       ||    78
 Stab: Sleeping          ||     2
Armor: Robe              ||     3
Dodge: Dodged            ||    53
Block: Buckler           ||     8
